 Dungeon Crawl Stone Soup version 0.23-a0-175-g97aacdb306 (webtiles) character file.

122320 Jesh the Imperceptible (level 16, -2/84 HPs)
             Began as a Spriggan Enchanter on Sept 16, 2018.
             Was a High Priest of Dithmenos.
             Shot with an arrow by a satyr (23 damage)
             ... on level 2 of the Shoals.
             The game lasted 01:13:23 (30211 turns).

Jesh the Imperceptible (Spriggan Enchanter)        Turns: 30211, Time: 01:13:23

Health: -2/84      AC: 11    Str:  6    XL:     16   Next: 34%
Magic:  23/35      EV: 36    Int: 20    God:    Dithmenos [*****.]
Gold:   1290       SH:  0    Dex: 16    Spells: 27/43 levels left

rFire    . . .     SeeInvis +   e - +9 dagger (elec)
rCold    + . .     Gourm    .   (shield restricted)
rNeg     . . .     Faith    .   x - +2 robe {MR+}
rPois    .         Spirit   .   m - +2 hat
rElec    .         Reflect  .   L - +2 cloak {rF+}
rCorr    .         Harm     .   (gloves unavailable)
MR       +++..                  (boots unavailable)
Stlth    ++++++++++             (no amulet)
HPRegen  0.24/turn              z - +5 ring of evasion
MPRegen  0.24/turn              N - ring of ice

@: wreathed by umbra, very quick
A: very small, unfitting armour, hooves 1, iridescent scales 1, see invisible,
herbivore, speed 3, slow metabolism 2, weak 1
a: Shadow Step, Shadow Form, Renounce Religion


You were on level 2 of the Shoals.
You worshipped Dithmenos.
Dithmenos was extremely pleased with you.
You were not hungry.

You visited 7 branches of the dungeon, and saw 28 of its levels.
You also visited: Ice Cave and Volcano.

You collected 2704 gold pieces.
You spent 1414 gold pieces at shops.

Inventory:

Hand Weapons
 e - a +9 dagger of electrocution (weapon)
 l - a +2 rapier of speed
 J - a +0 rapier of freezing
Missiles
 A - 2 throwing nets (quivered)
Armour
 m - a +2 hat (worn)
 x - a +2 robe of magic resistance (worn)
 L - a +2 cloak of fire resistance (worn)
Jewellery
 c - an uncursed ring of poison resistance
 z - a +5 ring of evasion (left hand)
 N - a ring of ice (right hand)
Wands
 k - a wand of iceblast (13)
 u - a wand of paralysis (27)
 v - a wand of disintegration (27)
 y - a wand of acid (23)
 C - a wand of flame (49)
 H - a wand of digging (37)
 I - a wand of clouds (2)
 K - a wand of polymorph (10)
Scrolls
 b - 6 scrolls of identify
 h - 5 scrolls of teleportation
 j - 10 scrolls of remove curse
 o - 8 scrolls of fear
 p - 4 scrolls of magic mapping
 q - a scroll of silence
 w - 3 scrolls of blinking
 D - 2 scrolls of enchant armour
 P - 2 scrolls of immolation
Potions
 a - 5 potions of haste
 f - a potion of flight
 g - 17 potions of curing
 i - 3 potions of lignification
 n - 5 potions of agility
 r - 3 potions of might
 t - 2 potions of heal wounds
 E - a potion of magic
 F - 2 potions of brilliance
 G - a potion of cancellation
 M - a potion of berserk rage
Comestibles
 d - 31 rations


   Skills:
 + Level 9.7 Fighting
 + Level 12.4 Short Blades
 + Level 15.7 Dodging
 + Level 21.1 Stealth
 + Level 14.3 Spellcasting
 * Level 14.6 Hexes


You had 27 spell levels left.
You knew the following spells:

 Your Spells              Type           Power        Failure   Level  Hunger
a - Ensorcelled Hibernat  Hex/Ice        ######       1%          2    None
b - Corona                Hex            ######.      0%          1    None
c - Confuse               Hex            ######..     1%          3    None
d - Tukima's Dance        Hex            ######..     1%          3    None
e - Dazzling Spray        Conj/Hex       #####.       1%          3    None
f - Cause Fear            Hex            ######....   1%          4    None

Your spell library contained the following spells:

 Spells                   Type           Power        Failure   Level  Hunger
 Slow                     Hex            ######..     0%          2    None
 Inner Flame              Hex/Fire       #####...     1%          3    None
 Portal Projectile        Hex/Tloc       #####.       1%          3    None
 Leda's Liquefaction      Hex/Erth       #####.....   2%          4    None
 Beastly Appendage        Tmut           ##....       4%          1    None
 Shroud of Golubria       Chrm/Tloc      ##........   7%          2    None
 Sticks to Snakes         Tmut           ##......     7%          2    None
 Lesser Beckoning         Tloc           ##........   13%         3    None
 Spider Form              Tmut/Pois      ##........   13%         3    None
 Ice Form                 Ice/Tmut       ###.....     41%         4    None
 Passage of Golubria      Tloc           N/A          41%         4    None
 Blade Hands              Tmut           ##........   77%         5    ###....
 Haunt                    Necr/Summ      ##........   100%        7    ######.
 Malign Gateway           Summ/Tloc      ##........   100%        7    ######.
 Ring of Flames           Chrm/Fire      ##........   100%        7    ######.
 Borgnjor's Revivificati  Necr           ##........   100%        8    #######
 Controlled Blink         Tloc           N/A          100%        8    #######
 Death's Door             Chrm/Necr      ##........   100%        8    #######
 Disjunction              Tloc           ##........   100%        8    #######
 Infestation              Necr           ##........   100%        8    #######
 Necromutation            Tmut/Necr      ##........   100%        8    #######


Dungeon Overview and Level Annotations

Branches:
Dungeon (15/15)            Temple (1/1) D:5            Lair (6/6) D:8
 Shoals (2/4) Lair:3       Spider (0/4) Lair:3        Slime (1/5) Lair:5
    Orc (2/2) D:10            Elf (0/3) Orc:2        Vaults (0/5) D:13
 Depths (1/5) D:15

Altars:
Ashenzari
Cheibriados
Dithmenos
Elyvilon
Fedhas
Gozag
Hepliaklqana
Kikubaaqudgha
Makhleb
Nemelex Xobeh
Okawaru
Qazlal
Ru
Sif Muna
Trog
Uskayaw
Vehumet
Wu Jian
Xom
Yredelemnul
Zin
The Shining One
Beogh

Shops:
D:5 ?   Orc:1 :   Orc:2 }(**   Shoals:2 [

Annotations:
D:13 3 runed doors, tmwh's ghost, journeyman GrEE


Innate Abilities, Weirdness & Mutations

You are very small and have problems with some larger weapons.
You are too small for most types of armour.
You have supernaturally acute eyesight. (SInv)
You are a herbivore.
You cover ground extremely quickly.
You need to consume almost no food.
You have large cloven feet.
You are partially covered in iridescent scales. (AC +2)
You are weak. (Str -2)


Message History

The faun is dazzled.
The faun hits you from afar with a spear!!
You emit a cloud of dark smoke.
The satyr shoots an arrow.
The arrow hits you!!!
* * * LOW HITPOINT WARNING * * *
You emit a cloud of dark smoke.
Casting: Dazzling Spray (safe; 1% risk of failure)
Confirm with . or Enter, or press ? or * to list all spells.
Aiming: Dazzling Spray (safe; 1% risk of failure)
Press: ? - help, Shift-Dir - straight line, f/p - satyr
Aim: a satyr, wielding a longbow (black smoke, moderately wounded, umbra)
The spray of energy hits the satyr.
The satyr is heavily wounded.
The spray of energy hits the faun.
The faun is heavily wounded.
The faun is dazzled.
Your shadow mimicks your spell!
The shadow shard hits the satyr.
The satyr shoots an arrow.
The arrow hits you!!
You die...

≈≈≈≈≈≈≈≈≈≈≈≈ ≈≈≈≈ ≈≈≈≈≈≈
≈≈≈≈≈≈≈≈≈≈≈≈≈≈≈≈≈≈ ≈≈≈≈≈≈
≈≈≈≈≈≈≈≈≈≈≈.≈≈≈≈≈≈≈≈≈≈≈≈≈≈≈≈≈
≈≈≈≈≈≈≈≈≈....≈≈≈≈≈≈≈≈≈≈≈≈≈≈≈≈
≈≈≈≈≈≈≈≈≈..#..≈≈≈≈≈≈≈≈≈≈≈≈≈≈≈
≈≈≈≈≈≈≈≈≈≈.##≈≈≈≈≈≈≈≈≈≈≈≈≈≈≈≈
≈≈≈≈≈≈≈≈≈c(#.≈≈≈≈≈≈≈≈≈≈≈≈≈≈≈≈
≈≈≈≈≈≈≈≈≈c.§§§P≈≈≈≈≈≈≈≈≈≈≈≈≈≈
≈≈≈≈≈≈≈≈.(#c@PPP≈≈≈≈≈≈≈≈≈≈≈≈.
≈≈≈≈c≈≈..(###§PP≈≈≈≈≈≈≈≈≈≈≈≈.
≈≈≈≈≈≈≈...###≈≈≈≈≈≈≈≈≈≈≈≈≈≈≈.
c≈c≈≈≈≈≈≈P...≈≈≈≈≈≈≈≈≈≈≈≈≈≈≈.
≈≈c≈≈≈≈≈≈≈≈..≈PP≈≈≈≈≈≈≈≈≈≈≈≈.
≈≈c≈≈≈≈≈≈≈≈≈P≈PP≈≈≈≈≈≈≈≈≈≈≈..
≈≈≈≈≈≈≈≈≈≈≈>≈≈PPPP≈≈.........
≈≈≈≈≈≈≈≈≈≈≈...PPPP...........
PPP≈P≈PP≈≈.PPPPPP≈...........


You could see a satyr and 2 fauns.

Vanquished Creatures
  An Ice Fiend (IceCv)
  A storm dragon (D:11)
  Gastronok (Lair:3)
  A stone giant (Orc:2)
  Azrael (D:15)
  An ettin (D:11)
  2 merfolk impalers
  2 yaktaur captains
  A jiangshi (D:15)
  4 vault guards (D:13)
  Fannar (Lair:3)
  6 hydras
  4 catoblepae
  A merfolk aquamancer (Shoals:1)
  9 two-headed ogres
  4 centaur warriors
  A merfolk avatar (Shoals:1)
  An alligator snapping turtle (Shoals:2)
  A tengu warrior (D:15)
  An ogre mage (D:15)
  A satyr (Shoals:2)
  An orc high priest (Orc:2)
  6 death yaks (Lair:6)
  Nergalle (Lair:1)
  A fire crab (Lair:6)
  Sonja (Lair:1)
  4 skeletal warriors (D:15)
  2 unseen horrors
  3 sea snakes (Shoals:1)
  An orange crystal statue (D:15)
  8 orc knights
  3 harpies (Shoals:1)
  An ugly thing (D:13)
  An orc sorcerer (Orc:2)
  3 wolf spiders (Lair:3)
  10 fauns
  4 deep elf magi
  2 cyclopes
  4 manticores
  4 black mambas
  15 elephants
  3 ice statues (IceCv)
  3 merfolk sirens
  10 spiny frogs
  2 gargoyles
  A spiny frog (shapeshifter) (Depths:1)
  3 centaur skeletons
  5 rime drakes
  5 komodo dragons
  2 anaconda simulacra (IceCv)
  3 yaktaurs
  2 kobold demonologists (D:13)
  2 efreet
  A golden dragon simulacrum (IceCv)
  A jumping spider (Lair:3)
  13 ice devils (IceCv)
  A queen bee (D:9)
  A polar bear (Lair:3)
  Prince Ribbit (Lair:3)
  8 trolls
  A polar bear (shapeshifter) (D:13)
  Grinder (D:4)
  8 merfolk
  5 slime creatures (D:15)
  16 blink frogs
  10 hippogriffs
  3 snapping turtles (Shoals:1)
  4 shadows
  5 water elementals
  The ghost of feta the Fighter, an amateur GnWn of Elyvilon (D:3)
  47 yaks
  3 wraiths
  5 wyverns
  A human (shapeshifter) (D:15)
  3 basilisks
  5 hungry ghosts
  7 fire elementals (D:15)
  9 wargs
  10 vampire mosquitoes
  A soldier ant (D:13)
  An acid dragon (D:11)
  A harpy simulacrum (IceCv)
  2 iron troll simulacra (IceCv)
  9 water moccasins
  3 hydra simulacra (IceCv)
  12 porcupines
  An ettin simulacrum (IceCv)
  An ice beast (D:13)
  38 orc warriors
  3 phantoms
  6 sky beasts
  4 black bears
  An eye of draining (D:13)
  13 ogres
  A necrophage (D:10)
  17 centaurs
  17 crocodiles
  4 wolves (Lair:3)
  12 big kobolds
  15 bullfrogs
  2 gnoll sergeants
  A wyvern skeleton (D:9)
  4 scorpions
  31 killer bees
  9 howler monkeys
  12 wights
  4 jellies
  2 electric eels
  9 crimson imps
  A centaur zombie (D:9)
  A quasit (D:9)
  8 hounds
  13 orc priests
  2 bullfrog skeletons
  An iguana (D:5)
  14 orc wizards
  13 worker ants
  A hound skeleton (D:11)
  A worker ant zombie (D:7)
  16 gnolls
  A howler monkey skeleton (D:4)
  7 adders
  6 shadow imps
  2 oozes
  3 adder zombies
  A worm (D:3)
  2 dart slugs
  5 leopard geckos
  86 orcs
  6 giant cockroaches
  11 goblins
  8 hobgoblins
  6 jackals
  3 quokkas
  3 ball pythons
  6 bats
  5 frilled lizards
  19 kobolds
  A leopard gecko zombie (D:2)
  A quokka skeleton (D:6)
  8 rats
  A spectral orc (D:6)
829 creatures vanquished.

Vanquished Creatures (collateral kills)
  An orc warrior (D:14)
  A kobold (D:8)
2 creatures vanquished.

Vanquished Creatures (others)
  A dancing weapon (D:14)
  2 water elementals (D:14)
  7 fungi
  7 plants
17 creatures vanquished.

Grand Total: 848 creatures vanquished

Notes
Turn   | Place    | Note
-------+----------+-------------------------------------------
     0 | D:1      | Jesh the Spriggan Enchanter began the quest for the Orb.
     0 | D:1      | Reached XP level 1. HP: 9/9 MP: 5/5
   252 | D:1      | Reached XP level 2. HP: 13/13 MP: 7/7
   256 | D:1      | Learned a level 2 spell: Ensorcelled Hibernation
   785 | D:1      | Reached XP level 3. HP: 16/16 MP: 9/9
   790 | D:1      | Learned a level 3 spell: Confuse
   794 | D:1      | Learned a level 3 spell: Tukima's Dance
  1174 | D:2      | Gained mutation: You are covered in fur. (AC +1) [potion of
                  | mutation]
  1174 | D:2      | Gained mutation: Your body sometimes deteriorates upon
                  | taking damage. [potion of mutation]
  1174 | D:2      | Gained mutation: You are partially covered in iridescent
                  | scales. (AC +2) [potion of mutation]
  1174 | D:2      | Gained mutation: You are somewhat resistant to further
                  | mutation. [potion of mutation]
  1351 | D:2      | Found a shadowy altar of Dithmenos.
  1359 | D:2      | Became a worshipper of Dithmenos the Shadowed
  1891 | D:3      | Reached XP level 4. HP: 21/21 MP: 11/11
  1908 | D:3      | Found a stormy altar of Qazlal.
  1976 | D:3      | Reached skill level 5 in Hexes
  2082 | D:3      | Found a runed door.
  2082 | D:3      | Noticed feta's ghost (amateur GnWn)
  2098 | D:3      | Killed feta's ghost
  2098 | D:3      | Reached * piety under Dithmenos
  2098 | D:3      | Reached skill level 5 in Spellcasting
  2098 | D:3      | Reached XP level 5. HP: 23/24 MP: 5/14
  2103 | D:3      | Learned a level 3 spell: Dazzling Spray
  2307 | D:3      | Noticed a centaur
  2318 | D:3      | Killed a centaur
  2318 | D:3      | Reached skill level 5 in Stealth
  2318 | D:3      | Reached XP level 6. HP: 13/28 MP: 15/15
  2320 | D:3      | Found a blossoming altar of Fedhas.
  2614 | D:4      | Reached skill level 6 in Stealth
  2687 | D:4      | Found a white marble altar of Elyvilon.
  2751 | D:4      | Reached skill level 7 in Stealth
  2843 | D:4      | Noticed Grinder
  2851 | D:4      | Paralysed by Grinder for 4 turns
  2861 | D:4      | Killed Grinder
  2861 | D:4      | Reached skill level 9 in Stealth
  2861 | D:4      | Reached XP level 7. HP: 20/32 MP: 8/16
  2865 | D:4      | Lost mutation: Your body sometimes deteriorates upon taking
                  | damage. [potion of mutation]
  2865 | D:4      | Lost mutation: You are covered in fur. (AC +1) [potion of
                  | mutation]
  2865 | D:4      | Lost mutation: You are somewhat resistant to further
                  | mutation. [potion of mutation]
  2865 | D:4      | Gained mutation: You are weak. (Str -2) [potion of
                  | mutation]
  2865 | D:4      | Gained mutation: You have large cloven feet. [potion of
                  | mutation]
  3120 | D:4      | Found a burning altar of Makhleb.
  3129 | D:4      | Reached skill level 10 in Stealth
  3349 | D:5      | Entered Level 5 of the Dungeon
  3361 | D:5      | Found a sacrificial altar of Ru.
  3515 | D:5      | Found a staircase to the Ecumenical Temple.
  3525 | D:5      | Reached skill level 11 in Stealth
  3527 | D:5      | Noticed a wyvern
  3544 | Temple   | Entered the Ecumenical Temple
  3767 | D:5      | Reached XP level 8. HP: 36/36 MP: 12/17
  3774 | D:5      | Reached skill level 12 in Stealth
  3940 | D:5      | Reached skill level 13 in Stealth
  4220 | D:5      | Found Puxkaerr's Magic Scroll Shoppe.
  4228 | D:5      | Bought a scroll of identify for 26 gold pieces
  4228 | D:5      | Bought a scroll of identify for 26 gold pieces
  4228 | D:5      | Bought a scroll of identify for 26 gold pieces
  4228 | D:5      | Bought a scroll of identify for 26 gold pieces
  4228 | D:5      | Bought a scroll of enchant weapon for 97 gold pieces
  4541 | D:6      | Found a glowing golden altar of the Shining One.
  4563 | D:6      | Reached skill level 14 in Stealth
  4586 | D:6      | Reached ** piety under Dithmenos
  5083 | D:6      | Found a basalt altar of Yredelemnul.
  5158 | D:6      | Reached skill level 15 in Stealth
  5495 | D:7      | Reached XP level 9. HP: 40/40 MP: 18/18
  5904 | D:8      | Reached skill level 1 in Fighting
  6101 | D:8      | Found a staircase to the Lair.
  6133 | D:8      | Found a glowing silver altar of Zin.
  6350 | D:8      | Noticed a two-headed ogre
  6371 | D:8      | Reached *** piety under Dithmenos
  6395 | D:8      | Killed a two-headed ogre
  6395 | D:8      | Reached skill level 5 in Dodging
  6638 | D:8      | Reached XP level 10. HP: 47/47 MP: 18/21
  7365 | D:9      | Reached skill level 16 in Stealth
  7926 | D:9      | Reached **** piety under Dithmenos
  8103 | D:9      | Reached skill level 5 in Short Blades
  8924 | D:10     | Entered Level 10 of the Dungeon
  8935 | D:10     | Noticed a gargoyle
  8940 | D:10     | Noticed a two-headed ogre
  8967 | D:10     | Killed a two-headed ogre
  8974 | D:10     | Killed a gargoyle
  8974 | D:10     | Reached XP level 11. HP: 29/53 MP: 8/24
  9453 | D:10     | Found a radiant altar of Vehumet.
  9580 | D:10     | Found a staircase to the Orcish Mines.
  9705 | D:10     | Reached ***** piety under Dithmenos
 10211 | D:11     | Noticed an unseen horror
 10276 | D:11     | Killed an unseen horror
 10358 | D:11     | Noticed an ettin
 10358 | D:11     | Noticed a yaktaur captain
 10358 | D:11     | Noticed a storm dragon
 10360 | D:11     | Killed an ettin
 10361 | D:11     | Killed a yaktaur captain
 10361 | D:11     | Reached skill level 17 in Stealth
 10363 | D:11     | Killed a storm dragon
 10363 | D:11     | Reached skill level 5 in Fighting
 11028 | D:11     | Learned a level 4 spell: Cause Fear
 11113 | D:12     | Noticed a two-headed ogre
 11158 | D:12     | Killed a two-headed ogre
 11158 | D:12     | Reached XP level 12. HP: 30/60 MP: 10/26
 11469 | D:12     | Reached skill level 10 in Dodging
 11824 | D:12     | Reached skill level 10 in Hexes
 12002 | D:12     | Noticed a two-headed ogre
 12009 | D:12     | Killed a two-headed ogre
 12009 | D:12     | Reached skill level 10 in Spellcasting
 12188 | D:13     | Noticed a two-headed ogre
 12190 | D:13     | Noticed a vault guard
 12196 | D:13     | Noticed a vault guard
 12218 | D:13     | Killed a vault guard
 12230 | D:13     | Noticed a centaur warrior
 12247 | D:13     | Killed a centaur warrior
 12254 | D:13     | Noticed a vault guard
 12256 | D:13     | Killed a vault guard
 12331 | D:13     | Noticed a vault guard
 12342 | D:13     | Killed a vault guard
 12342 | D:13     | Reached skill level 18 in Stealth
 12446 | D:13     | Killed a two-headed ogre
 12457 | D:13     | Found a shattered altar of Ashenzari.
 12497 | D:13     | Found a gate to the Vaults.
 12547 | D:13     | Killed a vault guard
 12931 | D:13     | Found a runed gate.
 12932 | D:13     | Found a runed gate.
 12932 | D:13     | Found a runed gate.
 12932 | D:13     | Noticed tmwh's ghost (journeyman GrEE)
 13350 | D:14     | Reached XP level 13. HP: 53/65 MP: 10/28
 13396 | D:14     | Reached ****** piety under Dithmenos
 14971 | D:15     | Entered Level 15 of the Dungeon
 14971 | D:15     | Noticed Azrael
 15149 | Lair:1   | Entered Level 1 of the Lair of Beasts
 15149 | Lair:1   | Noticed Nergalle
 15151 | Lair:1   | Killed Nergalle
 15616 | Lair:1   | Noticed Sonja
 15626 | Lair:1   | Killed Sonja
 16855 | Lair:3   | Noticed Fannar
 16879 | Lair:3   | Killed Fannar
 16903 | Lair:3   | Found a staircase to the Shoals.
 16910 | Lair:3   | Reached skill level 19 in Stealth
 17099 | Lair:3   | Found a dark tunnel.
 17108 | Volcano  | Entered a volcano
 17317 | Lair:3   | Noticed Prince Ribbit
 17347 | Lair:3   | Killed Prince Ribbit
 17506 | Lair:3   | Noticed Gastronok
 17519 | Lair:3   | Killed Gastronok
 17536 | Lair:3   | Reached skill level 10 in Short Blades
 17545 | Lair:3   | Reached XP level 14. HP: 46/72 MP: 17/30
 17763 | Lair:3   | Found a hole to the Spider Nest.
 18418 | Lair:4   | Got an ominously black robe
 18419 | Lair:4   | Identified the +0 robe of Impressiveness {Regen+ Str-5
                  | Int+3} (You found it on level 4 of the Lair of Beasts)
 20099 | Lair:5   | Found a staircase to the Slime Pits.
 20130 | Slime:1  | Entered Level 1 of the Pits of Slime
 20130 | Slime:1  | Noticed an acid blob
 20647 | Lair:6   | Entered Level 6 of the Lair of Beasts
 22027 | Lair:6   | Reached skill level 20 in Stealth
 22056 | Lair:6   | Reached XP level 15. HP: 78/78 MP: 33/33
 22288 | Lair:6   | Identified the Incunabulum of Translocation and Flames
 22557 | Orc:1    | Entered Level 1 of the Orcish Mines
 22636 | Orc:1    | Found Gufoppigg's Book Boutique.
 22796 | Orc:2    | Entered Level 2 of the Orcish Mines
 23166 | Orc:2    | Found a staircase to the Elven Halls.
 23638 | Orc:2    | Found Acoqippa's Gadget Emporium.
 23638 | Orc:2    | Found Buzastagel's Weapon Shop.
 24004 | Orc:2    | Found Utott's General Store.
 24004 | Orc:2    | Found Wikoatin's Assorted Antiques.
 24319 | Orc:2    | Bought a scroll labeled ANNYOL VOHO for 41 gold pieces
 24319 | Orc:2    | Bought a scroll labeled ZUBOCHESMI for 41 gold pieces
 24319 | Orc:2    | Bought 2 potions of curing for 246 gold pieces
 24332 | Orc:2    | Bought a scroll of immolation for 52 gold pieces
 24332 | Orc:2    | Bought a potion of heal wounds for 75 gold pieces
 24345 | Orc:2    | Bought a scroll of immolation for 143 gold pieces
 24345 | Orc:2    | Bought a hardcover book for 615 gold pieces
 24382 | Orc:2    | Found a roughly hewn altar of Beogh.
 24892 | D:15     | Found a staircase to the Depths.
 25316 | D:15     | Got a smoking golden ring
 25317 | D:15     | Identified the ring "Ulamonal" {rC+ rN+ MR+ AC+5 Int-4
                  | Dex+2} (You found it on level 15 of the Dungeon)
 25729 | D:15     | Killed Azrael
 25729 | D:15     | Reached skill level 15 in Dodging
 27099 | Depths:1 | Entered Level 1 of the Depths
 27568 | Shoals:1 | Entered Level 1 of the Shoals
 27568 | Shoals:1 | Found a frozen archway.
 27578 | IceCv    | Entered an ice cave
 27699 | IceCv    | Noticed an Ice Fiend
 27703 | IceCv    | Killed an Ice Fiend
 28110 | IceCv    | Reached XP level 16. HP: 84/84 MP: 35/35
 28670 | Shoals:1 | Reached skill level 21 in Stealth
 29100 | Shoals:2 | Found Amant's Armour Boutique.
 30211 | Shoals:2 | Shot with an arrow by a satyr

Vault maps used:
D:1:      dpeg_arrival_rooms_c, grunt_decor_cap
D:2:      lemuel_round_altar, serial_glass, glass_columns_c, glass_columns_a,
          bh_walls_and_bars
D:3:      nicolae_overflow_crystal_walls, lemuel_coloured_pillars_altar,
          first_ration, gammafunk_ghost_grave
D:4:      kennysheep_little_box, makhleb_blood_cavern_becter, uniq_grinder
D:5:      lemuel_crystal_altar, minmay_temple_entry_junction, serial_shops,
          nicolae_shop_crystal
D:6:      tso_metal_star, yredelemnul_forgotten_temple_becter
D:8:      kennysheep_mini, lair_entry_dummy
D:9:      special_room
D:10:     kennysheep_orc_monster_closet_entryway, basic_altar
D:11:     minmay_shrinking_squares, blue_anna_alchemist
D:13:     lightli_vaults_fourway_checkpoint, gammafunk_ghost_split,
          ashenzari_altar_1
D:14:     spider_trap, serial_bayou_lagoon_b
D:15:     grunt_enter_depths_snipers, serial_park_tiny_pond, minivault_16,
          uniq_azrael
Temple:   cyrus_circular_temple
Lair:1:   uniq_sonja, uniq_nergalle
Lair:3:   shoals_dummy_entry, spider_nest_entry_funnel_web,
          nicolae_volcano_entry_s_turn, st_stairs_11, uniq_gastronok,
          uniq_fannar, uniq_prince_ribbit2
Lair:5:   slime_dummy
Lair:6:   evilmike_catoblepas_cave, serial_bayou_pond_c,
          grunt_forest_small_clearing_treed
Shoals:1: portal_ice_cave_entry_pillars_1, nicolae_shoals_so_close
Shoals:2: cheibrodos_shoals_oceanic_diplomacy, serial_shops, shop_statue
Orc:1:    serial_shops, shop
Orc:2:    st_orc_town, nicolae_orc_lava_room
Depths:1: serial_bayou_shore_a, abyss_entry_flame_altar, pan_entry, hell_entry,
          grunt_absolute_annihilation
IceCv:    ice_cave_tombish
Volcano:  volcano_caves

Skill      XL: |  1  2  3  4  5  6  7  8  9 10 11 12 13 14 15 16 |
---------------+-------------------------------------------------+-----
Spellcasting   | 3 4 5 7 8 9 10 11 13 14 | 14.3
Hexes          | 4 6 7 8 9 11 12 13 14 | 14.6
Stealth        | 5 9 11 15 16 17 18 19 20 21 | 21.1
Short Blades   | 4 5 7 8 10 11 12 | 12.4
Fighting       | 2 4 5 6 7 8 9 |  9.7
Dodging        | 5 7 9 11 12 14 15 | 15.7

Action                   |  1- 3 |  4- 6 |  7- 9 | 10-12 | 13-15 | 16-18 || total
-------------------------+-------+-------+-------+-------+-------+-------++-------
Melee: Dagger            |   116 |    67 |   186 |   647 |   964 |   114 ||  2094
       Kick              |       |       |    26 |   101 |   188 |    17 ||   332
Throw: Throwing net      |       |       |       |       |     2 |       ||     2
 Cast: Corona            |     3 |       |       |       |       |       ||     3
       Ensorcelled Hiber |     2 |       |    22 |    61 |    93 |    17 ||   195
       Confuse           |       |     4 |     8 |    39 |    51 |     1 ||   103
       Dazzling Spray    |       |     4 |     9 |    10 |    44 |    18 ||    85
       Tukima's Dance    |       |       |     1 |     1 |     3 |     3 ||     8
Invok: Shadow Step       |       |       |       |       |     9 |     5 ||    14
Evoke: Wand              |       |       |     3 |     8 |     7 |       ||    18
  Use: Scroll            |     9 |     2 |     7 |     7 |    20 |     5 ||    50
       Potion            |     1 |       |     1 |       |    11 |     2 ||    15
 Stab: Sleeping          |    13 |     6 |    40 |    81 |   189 |    23 ||   352
       Confused          |       |     3 |     5 |    19 |    13 |       ||    40
       Invisible         |       |       |     2 |     1 |    24 |     5 ||    32
       Distracted        |       |       |     2 |     2 |    11 |     2 ||    17
       Paralysed         |       |       |     1 |       |       |       ||     1
       Held in net/web   |       |       |       |       |     3 |       ||     3
  Eat: Ration            |       |       |     2 |     4 |     9 |       ||    15
Armor: Robe              |     9 |     9 |     7 |    24 |    41 |     4 ||    94
Dodge: Dodged            |    79 |    46 |   149 |   524 |   885 |    96 ||  1779

Table legend:
 A = Non-vault XP
 B = Vault XP
 C = Vault XP percentage of total XP
 D = Non-vault monster count
 E = Vault monster count
 F = Vault count percentage of total count
                 A         B        C        D         E       F
            +---------+---------+-------+---------+---------+-------
      Total |  108842 |   65901 |  37.7 |     610 |     221 |  26.6
            +---------+---------+-------+---------+---------+-------
        D:1 |      41 |       0 |   0.0 |      20 |       0 |   0.0
        D:2 |      31 |       0 |   0.0 |      21 |       0 |   0.0
        D:3 |     180 |     212 |  54.1 |      21 |       1 |   4.5
        D:4 |     265 |     323 |  54.9 |      12 |       2 |  14.3
        D:5 |     893 |       0 |   0.0 |      18 |       0 |   0.0
        D:6 |     611 |       1 |   0.2 |      21 |       1 |   4.5
        D:7 |     542 |       0 |   0.0 |      16 |       0 |   0.0
        D:8 |    2512 |       0 |   0.0 |      28 |       0 |   0.0
        D:9 |    2174 |    1841 |  45.9 |      48 |      26 |  35.1
       D:10 |    2410 |    1159 |  32.5 |      16 |      19 |  54.3
       D:11 |    2079 |    5423 |  72.3 |      23 |       7 |  23.3
       D:12 |    5098 |       0 |   0.0 |      30 |       0 |   0.0
       D:13 |    4784 |    5932 |  55.4 |      23 |      11 |  32.4
       D:14 |    8910 |       0 |   0.0 |      52 |       0 |   0.0
       D:15 |   12776 |    5369 |  29.6 |      30 |      13 |  30.2
     Temple |     101 |       0 |   0.0 |       1 |       0 |   0.0
     Lair:1 |    2606 |    1591 |  37.9 |       9 |       2 |  18.2
     Lair:2 |    3704 |       0 |   0.0 |      17 |       0 |   0.0
     Lair:3 |    7822 |    7042 |  47.4 |      31 |      14 |  31.1
     Lair:4 |    7054 |       0 |   0.0 |      24 |       0 |   0.0
     Lair:5 |    8279 |       0 |   0.0 |      27 |       0 |   0.0
     Lair:6 |   11663 |   11524 |  49.7 |      35 |      23 |  39.7
   Shoals:1 |   11876 |     195 |   1.6 |      23 |       1 |   4.2
   Shoals:2 |    3871 |    5006 |  56.4 |       8 |      10 |  55.6
      Orc:1 |    2416 |       0 |   0.0 |       7 |       0 |   0.0
      Orc:2 |    5747 |    8350 |  59.2 |      48 |      59 |  55.1
   Depths:1 |     397 |       0 |   0.0 |       1 |       0 |   0.0
      IceCv |       0 |   10865 | 100.0 |       0 |      27 | 100.0
    Volcano |       0 |    1068 | 100.0 |       0 |       5 | 100.0
            +---------+---------+-------+---------+---------+-------
